 Dungeon Crawl Stone Soup version 0.27-a0-457-gba82baf56e (webtiles) character file.

Game seed: 4428136879463615316

615527 ReteAZ the Conqueror (level 25, -13/456 HPs)
             Began as an Ogre Arcane Marksman on Feb 27, 2021.
             Was the Champion of Ru.
             Mangled by a reaper
             ... wielding a +2 scythe of venom
              (29 damage)
             ... in the Vestibule of Hell on Feb 28, 2021.
             The game lasted 03:11:28 (78133 turns).

ReteAZ the Conqueror (Ogre Arcane Marksman)        Turns: 78133, Time: 03:11:29

Health: -13/456    AC: 32    Str: 38    XL:     25
Magic:  13/34      EV:  1    Int: 24    God:    Ru [******]
Gold:   7233       SH:  0    Dex: 12    Spells: 48/56 levels left

rFire    . . .     SeeInvis +   O - +5 great mace "Miro" {vorpal, *Slow Str+10 Int+7 SInv}
rCold    + . .     Faith    .   (shield currently unavailable)
rNeg     + + +     Spirit   .   (armour currently unavailable)
rPois    +         Reflect  .   (helmet currently unavailable)
rElec    .         Harm     .   (cloak currently unavailable)
rCorr    +         Rampage  .   (gloves unavailable)
Will     +++++     Clarity  +   (boots unavailable) Stlth ..........NoTele +
                                o - amulet of the Four Winds {rN+ Will+++ Clar}
HPRegen  0.86/turn              X - ring of Ashenzari's Outrage {rC+ rN+ rCorr Int+2 Dex+3}
MPRegen  0.24/turn              Z - ring "Qunwitwud" {rN++ EV+4 Str+2 Dex-2}

@: lethally poisoned (-13 -> -16), tree-form, silence, invisible
A: large, unfitting armour, agile 1, dopey 1, low mp 2, sense surroundings 1,
inability to use devices, no fire magic, no summoning magic, no transmutations
magic, inexperienced 1
}: 4/15 runes: decaying, serpentine, slimy, silver
a: Renounce Religion


You were in the Vestibule of Hell.
You worshipped Ru.
Ru was exalted by your worship.
You were a tree.
You visited 13 branches of the dungeon, and saw 55 of its levels.
You also visited: Gauntlet.

You collected 9495 gold pieces.
You spent 2262 gold pieces at shops.

Inventory:

Hand Weapons
 m - the +7 sceptre of Torment {pain, torment}
   (You found it on level 2 of the Depths)

   In the hands of one skilled in necromantic magic, it inflicts extra damage on
   living creatures.
 O - the +5 great mace "Miro" (weapon) {vorpal, *Slow Str+10 Int+7 SInv}
   (You bought it in a shop on level 2 of the Orcish Mines)

   It inflicts extra damage upon your enemies.
   It affects your strength (+10).
   It affects your intelligence (+7).
   It lets you see invisible.
   It may slow you when you take damage.
 U - a +9 giant spiked club of venom
Missiles
 c - 124 large rocks
 d - 7 throwing nets
 v - 8 silver boomerangs
 J - 10 javelins
 P - 14 silver javelins
 Y - 13 curare-tipped darts
Armour
 a - +0 fire dragon scales
 f - +1 storm dragon scales
 n - a +2 hat (melded)
 q - a +5 kite shield of resistance
 s - a +4 troll leather armour
 S - a +2 cloak (melded)
 T - +2 gold dragon scales (melded)
Jewellery
 o - the amulet of the Four Winds (around neck) {rN+ Will+++ Clar}
   (You bought it in a shop on level 1 of the Depths)

   [amulet of nothing]

   It protects you from negative energy.
   It affects your willpower, your defense against some magical effects.
   It protects you against confusion.
 w - an amulet of regeneration
 y - a +4 ring of protection
 Q - a ring of protection from cold
 W - a ring of protection from fire
 X - the ring of Ashenzari's Outrage (left branch) {rC+ rN+ rCorr Int+2 Dex+3}
   (You took it off a deep elf demonologist on level 5 of the Vaults)

   [ring of resist corrosion]

   It affects your intelligence (+2).
   It affects your dexterity (+3).
   It protects you from cold.
   It protects you from negative energy.
   It provides partial protection from all sources of acid and corrosion.
 Z - the ring "Qunwitwud" (right branch) {rN++ EV+4 Str+2 Dex-2}
   (You acquired it on level 5 of the Vaults)

   [ring of evasion]

   It affects your evasion (+4).
   It affects your strength (+2).
   It affects your dexterity (-2).
   It greatly protects you from negative energy.
Scrolls
 b - 3 scrolls of immolation
 e - 11 scrolls of amnesia
 k - 12 scrolls of magic mapping
 l - 5 scrolls of fear
 p - a scroll of summoning
 t - a scroll of silence
 D - 5 scrolls of blinking
 F - 17 scrolls of identify
 I - 2 scrolls of enchant weapon
 M - 14 scrolls of teleportation
 R - 4 scrolls of fog
Potions
 g - 4 potions of haste
 h - 10 potions of flight
 i - 9 potions of brilliance
 r - 8 potions of mutation
 u - 2 potions of magic
 x - 4 potions of cancellation
 z - a potion of invisibility
 A - 2 potions of lignification
 B - 29 potions of curing
 E - 6 potions of berserk rage
 G - 7 potions of ambrosia
 K - 6 potions of might
 N - 6 potions of attraction


   Skills:
 O Level 27 Fighting
 + Level 24.8 Maces & Flails
 - Level 8.0 Throwing
 + Level 14.8 Armour
 + Level 14.3 Dodging
 - Level 2.6 Shields
 - Level 16.0 Spellcasting
 - Level 3.0 Hexes
 - Level 2.6 Necromancy
 - Level 16.0 Translocations


You had 48 spell levels left.
You knew the following spells:

 Your Spells              Type           Power        Failure   Level
a - Corona                Hex            36%          1%          1
b - Portal Projectile     Hex/Tloc       100%         1%          3
c - Manifold Assault      Tloc           77%          1%          4

Your spell library contained the following spells:

 Spells                   Type           Power        Failure   Level
 Apportation              Tloc           100%         0%          1
 Blink                    Tloc           N/A          0%          2
 Gell's Gravitas          Tloc           38%          0%          3
 Animate Skeleton         Necr           62%          1%          1
 Pain                     Necr           100%         1%          1
 Slow                     Hex            33%          1%          2
 Sublimation of Blood     Necr           15%          1%          2
 Passage of Golubria      Tloc           N/A          1%          4
 Dispersal                Tloc           38%          1%          6
 Freeze                   Ice            76%          2%          1
 Magic Dart               Conj           76%          2%          1
 Sandblast                Erth           38%          2%          1
 Shock                    Conj/Air       76%          2%          1
 Corpse Rot               Necr/Air       N/A          2%          2
 Ensorcelled Hibernation  Hex/Ice        52%          2%          2
 Confusing Touch          Hex            33%          2%          3
 Tukima's Dance           Hex            33%          2%          3
 Vampiric Draining        Necr           15%          3%          3
 Searing Ray              Conj           38%          4%          2
 Swiftness                Air            19%          4%          2
 Dazzling Flash           Conj/Hex       52%          4%          3
 Frozen Ramparts          Ice            38%          9%          3
 Mephitic Cloud           Conj/Pois/Air  19%          9%          3
 Ozocubu's Armour         Ice            19%          9%          3
 Static Discharge         Conj/Air       19%          9%          3
 Stone Arrow              Conj/Erth      38%          9%          3
 Cause Fear               Hex            16%          9%          4
 Animate Dead             Necr           15%          10%         4
 Dispel Undead            Necr           31%          10%         4
 Leda's Liquefaction      Hex/Erth       13%          16%         4
 Agony                    Necr           31%          26%         5
 Excruciating Wounds      Necr           15%          26%         5
 Disjunction              Tloc           38%          26%         8
 Airstrike                Air            9%           28%         4
 Hailstorm                Conj/Ice       19%          28%         4
 Metabolic Englaciation   Hex/Ice        13%          38%         5
 Silence                  Hex/Air        13%          38%         5
 Iskenderun's Battlesphe  Conj           19%          61%         5
 Lee's Rapid Deconstruct  Erth           9%           61%         5
 Lightning Bolt           Conj/Air       9%           61%         5
 Iron Shot                Conj/Erth      9%           99%         6
 Discord                  Hex            16%          100%        8
 Shatter                  Erth           9%           100%        9
 Tornado                  Air            9%           100%        9
 Summon Small Mammal      Summ           Unusable     N/A         1
 Call Imp                 Summ           Unusable     N/A         2
 Passwall                 Tmut/Erth      Unusable     N/A         2
 Inner Flame              Hex/Fire       Unusable     N/A         3
 Summon Guardian Golem    Hex/Summ       Unusable     N/A         3
 Call Canine Familiar     Summ           Unusable     N/A         3
 Conjure Flame            Conj/Fire      Unusable     N/A         3
 Ignite Poison            Fire/Tmut/Pois Unusable     N/A         3
 Animate Armour           Summ/Erth      Unusable     N/A         4
 Petrify                  Tmut/Erth      Unusable     N/A         4
 Summon Ice Beast         Ice/Summ       Unusable     N/A         4
 Summon Lightning Spire   Summ/Air       Unusable     N/A         4
 Summon Mana Viper        Hex/Summ       Unusable     N/A         5
 Yara's Violent Unravell  Hex/Tmut       Unusable     N/A         5
 Alistair's Intoxication  Tmut/Pois      Unusable     N/A         5
 Bolt of Magma            Conj/Fire/Erth Unusable     N/A         5
 Irradiate                Conj/Tmut      Unusable     N/A         5
 Malign Gateway           Summ/Tloc      Unusable     N/A         7
 Eringya's Noxious Bog    Tmut/Pois      Unusable     N/A         6
 Statue Form              Tmut/Erth      Unusable     N/A         6
 Ignition                 Fire           Unusable     N/A         8

Dungeon Overview and Level Annotations

Branches:
Dungeon (15/15)            Temple (1/1) D:4            Lair (6/6) D:11
  Swamp (4/4) Lair:2        Snake (4/4) Lair:3        Slime (5/5) Lair:6
    Orc (2/2) D:12            Elf (3/3) Orc:2        Vaults (5/5) D:13
  Crypt (3/3) Vaults:2       Tomb (1/3) Crypt:3      Depths (5/5) D:15
   Hell (1/1)                 Tar (0/7) Hell            Zot (0/5) Depths:5
Gauntlet (visited)
    Dis: Hell:1         Geh: Hell:1         Coc: Hell:1

Altars:
Ashenzari
Cheibriados
Dithmenos
Elyvilon
Fedhas
Gozag
Hepliaklqana
Kikubaaqudgha
Makhleb
Nemelex Xobeh
Okawaru
Qazlal
Ru
Sif Muna
Trog
Uskayaw
Vehumet
Wu Jian
Xom
Yredelemnul
Zin
The Shining One
Jiyva

Shops:
D:11 !   Orc:2 (=[*   Elf:2 *   Snake:3 ([=   Snake:4 *?[(   Vaults:2 **((*
Vaults:3 *   Depths:1 ::=

Portals:
Hell: Depths:1 Depths:2 Depths:3 Depths:4 Depths:5
Abyss: Depths:3 Depths:4 Depths:5
Pandemonium: Depths:1 Depths:3 Depths:5
Ziggurat: Depths:5

Annotations:
D:5 2 transporters, exclusion: downstairs
D:10 Gastronok
Lair:6 2 runed translucent doors
Snake:1 Roxanne
Snake:3 Vashnia
Elf:3 3 exclusions
Depths:5 exclusion: downstairs
Hell Geryon


Innate Abilities, Weirdness & Mutations

You are too large for most types of armour.
Your magical capacity is very low. (-20% MP)
((You have tough skin. (AC +1)))
You cannot study or use magical devices.
You cannot study or cast Fire magic.
You cannot study or cast Summoning magic.
You cannot study or cast Transmutations magic.
You are somewhat inexperienced. (-2 XL)
You are agile. (Dex +2)
You are dopey. (Int -2)
You passively map a small area around you.
((You are covered in fur. (AC +1)))


Message History

Okay, then.
Unknown command.
You feel much better.
You feel sick.
The hell knight seems to regain its courage.
Your fire giant zombie hits the ancient champion but does no damage.
The skeletal warrior hits you but does no damage.
The ancient champion hits you with a +3 battleaxe of flaming!
* * * LOW HITPOINT WARNING * * *
The ancient champion burns you.
* * * LOW HITPOINT WARNING * * *
The ancient champion hits your fire giant zombie with a +3 battleaxe of flaming!
The ancient champion burns your fire giant zombie.
You focus your inner power and illuminate the ancient champion in retribution!
The spectral four-headed hydra bites you but does no damage. x4
You feel much better.
You feel sick.
The revenant stops glowing.
The hell knight begins to cast a spell, but is stunned by your conviction!
The reaper hits you from afar with a +2 scythe of venom.
* * * LOW HITPOINT WARNING * * *
You are more poisoned.
Your fire giant zombie hits the ancient champion but does no damage.
The skeletal warrior hits you but does no damage.
The spectral four-headed hydra bites you.
* * * LOW HITPOINT WARNING * * *
The spectral four-headed hydra bites you but does no damage. x3
The ancient champion hits you with a +3 battleaxe of flaming.
* * * LOW HITPOINT WARNING * * *
The ancient champion burns you.
* * * LOW HITPOINT WARNING * * *
The ancient champion hits your fire giant zombie with a +3 battleaxe of flaming!
The ancient champion burns your fire giant zombie.
You focus your inner power and blind the ancient champion in retribution!
You fade into invisibility!
You feel sick.
Your fire giant zombie dissolves into shadows!
The reaper is no longer blind.
The revenant hits you but does no damage.
The skeletal warrior is stunned by your conviction and fails to attack.
The skeletal warrior hits you but does no damage.
The reaper hits you from afar with a +2 scythe of venom!!
You die...

#..* #. ,
...###. , ,
,....#..,, *,,
, ##.....## *
,, , *
#.......#### ,
.......)...##,
,
....∩.pZ2p..#
* ,
......zzzZ°##
, ,
*.....p2L♣###
, ########## ,
, , * *


You could see a revenant, 2 reapers, an ancient champion (fast, blind, slow,
corona), 2 hell knights, 2 skeletal warriors, a spectral four-headed hydra
(summoned), a necromancer (wandering, soul bound) and a hell knight simulacrum.

Vanquished Creatures
  the Royal Jelly (Slime:5)
  A dread lich (Crypt:3)
  An ancient lich (Crypt:3)
  Mara (Swamp:3)
  3 royal mummies (Depths:2)
  Bai Suzhen (Depths:1)
  Margery (Vaults:5)
  A caustic shrike (Depths:4)
  3 golden dragons
  Jory (Depths:3)
  the Enchantress (Depths:3)
  2 bone dragons
  A Tzitzimitl (Depths:3)
  4 tentacled monstrosities
  Rupert (D:13)
  2 deep elf blademasters (Elf:3)
  8 liches
  A deep elf master archer (Elf:3)
  5 titans
  Asterion (Snake:1)
  21 acid blobs
  Murray (Hell)
  5 sphinxes
  Frances (D:13)
  4 storm dragons
  2 thorn hunters
  11 shadow dragons
  16 tengu reavers
  3 nagarajas (Snake:4)
  7 fire giants
  A revenant (Crypt:1)
  9 azure jellies (Slime:5)
  8 deep elf sorcerers
  3 iron dragons (Vaults:5)
  15 vault wardens
  2 curse skulls
  An iron dragon (shapeshifter) (Vaults:5)
  7 frost giants
  3 orc warlords
  An emperor scorpion (D:15)
  4 deep elf elementalists (Elf:3)
  Aizul (Snake:1)
  10 ghouls
  A draconian shifter (Depths:5)
  20 ironheart preservers
  3 reapers
  18 very ugly things
  5 war gargoyles
  A cacodemon (Depths:3)
  6 spriggan defenders
  20 stone giants
  7 vampire knights
  A green draconian (Depths:5)
  A lorocyproca (Hell)
  A bunyip (shapeshifter) (Vaults:5)
  7 deep elf demonologists
  8 deep elf annihilators
  5 bunyips
  A yellow draconian (Depths:5)
  15 ettins
  A dire elephant (D:15)
  3 spark wasps (Depths:4)
  4 eleionomae
  11 death oozes
  2 eidola
  2 red draconians (Depths:5)
  11 fire dragons
  14 deep elf death magi
  A shambling mangrove (Swamp:3)
  2 mummy priests (Depths:2)
  2 deep elf high priests
  6 jiangshi
  14 great orbs of eyes
  6 rakshasas
  35 vault guards
  14 yaktaur captains
  A quicksilver dragon skeleton (Crypt:3)
  8 ice dragons
  4 spriggan air magi
  26 hydras
  A great orb of eyes (shapeshifter) (Depths:2)
  A hell beast (Depths:1)
  10 boulder beetles
  A catoblepas (D:15)
  An anaconda (shapeshifter) (Depths:3)
  18 naga warriors
  11 ogre magi
  A fenstrider witch skeleton (Crypt:2)
  A ghost crab (Swamp:2)
  8 anacondas
  12 centaur warriors
  A catoblepas (shapeshifter) (Depths:4)
  9 alligators
  4 death knights
  28 two-headed ogres
  8 deep troll shamans
  Erica (Lair:1)
  25 dancing weapons
  21 death yaks
  5 vampire magi
  4 tengu warriors
  A two-headed ogre (shapeshifter) (Depths:3)
  A deep troll earth mage (Vaults:2)
  16 naga sharpshooters
  4 spriggan berserkers
  8 orc high priests
  2 sun demons (Hell)
  2 soul eaters
  2 titan zombies
  7 spriggans
  22 deep elf knights
  7 shadow wraiths
  2 shock serpents
  12 hell knights
  29 skeletal warriors
  A fire crab (shapeshifter) (Depths:5)
  7 iron trolls
  20 deep trolls
  2 storm dragon skeletons (Depths:1)
  A spark wasp zombie (Depths:1)
  5 goliath frogs
  A fire crab (Lair:6)
  3 unseen horrors
  A titan skeleton (Crypt:3)
  7 salamander mystics
  3 shadow demons (Depths:3)
  2 anaconda zombies (Crypt:3)
  2 glowing orange brains
  20 deep elf archers
  7 flayed ghosts
  9 swamp dragons
  A golden dragon zombie (Crypt:3)
  5 bog bodies
  A bunyip skeleton (Crypt:1)
  12 naga ritualists
  10 phantasmal warriors
  33 deep elf zephyrmancers
  5 wizards
  18 orc knights
  A golden dragon skeleton (Crypt:3)
  11 ironbrand convokers
  A lindwurm (shapeshifter) (Vaults:5)
  12 harpies
  7 orc sorcerers
  An orb spider (shapeshifter) (Vaults:1)
  An anaconda skeleton (Crypt:3)
  A wolf spider zombie (Crypt:3)
  14 mana vipers
  5 necromancers
  21 salamanders
  34 deep elf pyromancers
  An iron dragon zombie (Crypt:3)
  8 cyclopes
  A fire giant zombie (Crypt:3)
  34 ugly things
  A wolf spider (Vaults:1)
  A goliath frog skeleton (Crypt:2)
  2 will-o-the-wisps (Swamp:3)
  6 manticores
  2 shining eyes
  18 elephants
  A stone giant skeleton (Crypt:3)
  A salamander (shapeshifter) (Vaults:2)
  A fire giant skeleton (Crypt:3)
  4 guardian serpents
  19 naga magi
  41 black mambas
  4 rust devils (Hell)
  16 vault sentinels
  2 torpor snails
  An eye of devastation (Slime:1)
  4 gargoyles
  A water nymph (shapeshifter) (Depths:5)
  2 molten gargoyles (Lair:6)
  A shock serpent zombie (Crypt:3)
  A cane toad (shapeshifter) (D:14)
  14 cane toads
  13 smoke demons
  A rime drake (Lair:1)
  An emperor scorpion zombie (Crypt:3)
  A komodo dragon (shapeshifter) (Depths:3)
  5 spectral swamp worms (Depths:4)
  12 komodo dragons
  10 freezing wraiths
  37 yaktaurs
  A purple draconian zombie (Crypt:1)
  A guardian mummy (Tomb:1)
  An efreet (D:13)
  A rime drake (shapeshifter) (D:15)
  A jumping spider (shapeshifter) (Vaults:1)
  6 hellwings
  A black draconian skeleton (Crypt:1)
  2 polar bears
  2 hydra zombies (Crypt:1)
  13 red devils
  8 tyrant leeches
  8 trolls
  14 hornets
  A wind drake (shapeshifter) (Vaults:4)
  90 slime creatures
  An alligator zombie (Crypt:2)
  An ice dragon zombie (Crypt:1)
  4 dream sheep (Lair:5)
  A hydra skeleton (Crypt:2)
  2 ettin zombies (Crypt:3)
  17 blink frogs
  2 snapping turtles (shapeshifter)
  3 air elementals
  2 tarantellas (shapeshifter)
  9 shadows
  An alligator skeleton (Crypt:2)
  4 wyverns
  A fire dragon skeleton (Crypt:3)
  37 yaks
  A ynoxinul (Depths:3)
  2 fire bats (Depths:3)
  6 vampires
  6 water elementals
  11 wraiths
  9 basilisks
  A fire elemental (Elf:2)
  4 hogs (Swamp:1)
  A hog (shapeshifter) (Vaults:2)
  Eustachio (D:4)
  Grum (D:8)
  2 steam dragons (Lair:6)
  A human (shapeshifter) (Vaults:2)
  A golden eye (shapeshifter) (Vaults:4)
  An elf simulacrum (Depths:1)
  A wind drake skeleton (Crypt:2)
  17 vampire mosquitoes
  2 chaos spawn
  2 neqoxecs
  A catoblepas simulacrum (Crypt:2)
  3 wargs
  A soldier ant (D:13)
  55 nagas
  An infernal demonspawn zombie (Crypt:1)
  17 swamp worms
  2 acid dragons (Vaults:2)
  7 hell hounds
  20 water moccasins
  A deep troll skeleton (Crypt:2)
  4 ice beasts
  9 swamp drakes
  2 sky beasts (shapeshifter)
  5 black bears
  69 orc warriors
  An eye of draining (shapeshifter) (Vaults:2)
  2 sky beasts
  A black bear (shapeshifter) (D:13)
  4 eyes of draining
  3 necrophages
  29 ogres
  11 boggarts
  22 centaurs
  11 wolves
  A phantom (D:6)
  A kobold brigand (D:8)
  21 bullfrogs
  A gnoll sergeant (D:9)
  5 earth elementals
  A water moccasin zombie (Crypt:1)
  A wyvern zombie (D:13)
  2 scorpions
  A wyvern skeleton (D:15)
  A queen bee zombie (Crypt:1)
  A human simulacrum (Vaults:3)
  3 killer bees (D:11)
  11 wights
  3 howler monkeys (D:7)
  An electric eel (D:6)
  4 centaur zombies
  5 lava snakes (Lair:6)
  2 crimson imps
  2 bullfrog zombies
  A demonspawn zombie (Crypt:2)
  2 quasits
  A black bear zombie (Crypt:1)
  2 jellies
  A jelly (shapeshifter) (Vaults:3)
  37 orc priests
  4 hounds
  6 centaur skeletons
  3 iron imps
  Jessica (D:3)
  A bullfrog skeleton (D:6)
  3 iguanas
  4 worker ants
  34 orc wizards
  4 hell rats (Lair:6)
  A killer bee zombie (Crypt:1)
  A demigod skeleton (Crypt:2)
  A mummy (Tomb:1)
  A hound skeleton (D:6)
  2 hound zombies
  2 tengu skeletons
  A felid skeleton (Crypt:1)
  7 gnolls
  10 adders
  3 river rats (D:11)
  A shadow imp (D:8)
  4 white imps
  3 ufetubi
  An ooze (D:4)
  3 adder skeletons
  3 worms
  2 dart slugs
  4 leopard geckos
  130 orcs
  5 ball pythons
  A bat (shapeshifter) (Depths:4)
  6 bats
  A giant cockroach (D:7)
  10 goblins
  8 hobgoblins
  5 jackals
  6 quokkas
  5 frilled lizards
  A jackal zombie (D:8)
  13 kobolds
  A leopard gecko skeleton (D:7)
  2 leopard gecko zombies
  32 rats
2334 creatures vanquished.

Vanquished Creatures (collateral kills)
  An ancient champion (Hell)
  A shambling mangrove (Swamp:4)
  A naga warrior (Snake:3)
  An alligator (Swamp:4)
  A spriggan druid (Swamp:4)
  A necromancer (Hell)
  A guardian serpent (Snake:3)
  2 naga magi (Snake:3)
  2 hornets (Swamp:4)
  2 nagas (Snake:3)
  An orc wizard (D:11)
  An orc (D:11)
15 creatures vanquished.

Vanquished Creatures (others)
  A deep elf blademaster (Elf:2)
  A deep elf master archer (Elf:3)
  A vault warden (Vaults:3)
  An eleionoma (Swamp:3)
  A deep elf high priest (Elf:1)
  2 yaktaur captains
  An ice dragon (Depths:1)
  2 hydras
  A naga warrior (Snake:4)
  A centaur warrior (Depths:3)
  An anaconda (Snake:4)
  An ogre mage (Vaults:2)
  A two-headed ogre (D:10)
  A deep troll shaman (Depths:4)
  3 deep elf knights
  An unseen horror (shapeshifter) (Vaults:4)
  A swamp dragon (Swamp:4)
  An ironbrand convoker (Vaults:5)
  A deep elf pyromancer (Elf:1)
  A glowing orange brain (Depths:3)
  A deep elf zephyrmancer (Elf:1)
  A mana viper (Snake:1)
  2 ugly things (Depths:5)
  A manticore (D:11)
  2 black mambas
  An elephant (Lair:5)
  A gargoyle (Crypt:3)
  3 yaktaurs
  A tyrant leech (Lair:2)
  2 bloated husks
  A hornet (Depths:5)
  A slime creature (Depths:3)
  2 spriggans (Swamp:4)
  A hog (Swamp:1)
  A steam dragon (D:15)
  A swamp worm (Lair:2)
  A naga (Snake:3)
  A water moccasin (Lair:1)
  2 boggarts (Vaults:3)
  3 ogres
  A crimson imp (Depths:3)
  2 orc wizards
  An adder (Lair:3)
  4 orcs
  8 foxfires
  28 fungi
  109 plants
  4 withered plants (Crypt:3)
210 creatures vanquished.

Grand Total: 2559 creatures vanquished

Notes
Turn   | Place    | Note
-------+----------+-------------------------------------------
     0 | D:1      | ReteAZ the Ogre Arcane Marksman began the quest for the
                  | Orb.
     0 | D:1      | Reached XP level 1. HP: 19/19 MP: 2/2
   227 | D:1      | Reached XP level 2. HP: 11/28 MP: 2/4
   240 | D:1      | Gained mutation: Scrolls take you a little longer to read.
                  | [potion of mutation]
   240 | D:1      | Gained mutation: You passively map a small area around you.
                  | [potion of mutation]
   240 | D:1      | Gained mutation: Your flesh is cold resistant. (rC+)
                  | [potion of mutation]
   463 | D:1      | Lost mutation: Your flesh is cold resistant. (rC+) [potion
                  | of mutation]
   463 | D:1      | Lost mutation: Scrolls take you a little longer to read.
                  | [potion of mutation]
   463 | D:1      | Gained mutation: You are covered in fur. (AC +1) [potion of
                  | mutation]
   463 | D:1      | Gained mutation: You are agile. (Dex +2) [potion of
                  | mutation]
   463 | D:1      | Gained mutation: You are dopey. (Int -2) [potion of
                  | mutation]
   463 | D:1      | Gained mutation: You have an increased reservoir of magic.
                  | (+10% MP) [potion of mutation]
   557 | D:1      | Reached skill level 2 in Fighting
  2137 | D:2      | Reached XP level 3. HP: 36/36 MP: 6/6
  2618 | D:2      | Found a faded altar of an unknown god.
  3187 | D:2      | Reached skill level 3 in Fighting
  3296 | D:2      | Found a bloodstained altar of Trog.
  3782 | D:2      | Found a blossoming altar of Fedhas.
  4085 | D:2      | Noticed a shadow
  4086 | D:2      | Found a shadowy altar of Dithmenos.
  4087 | D:2      | Found a hazy altar of Hepliaklqana.
  4168 | D:3      | Noticed Jessica
  4180 | D:3      | Killed Jessica
  4181 | D:3      | Reached skill level 4 in Fighting
  4181 | D:3      | Reached XP level 4. HP: 49/49 MP: 7/7
  4196 | D:3      | Found a stormy altar of Qazlal.
  4231 | D:3      | Reached skill level 5 in Fighting
  4297 | D:3      | Reached XP level 5. HP: 47/59 MP: 8/8
  4478 | D:3      | Reached skill level 6 in Fighting
  4532 | D:3      | Found a shimmering altar of Xom.
  4532 | D:3      | Found a shadowy altar of Dithmenos.
  5004 | D:4      | Noticed an ogre
  5064 | D:4      | Reached skill level 7 in Fighting
  5064 | D:4      | Reached XP level 6. HP: 53/71 MP: 9/9
  5280 | D:4      | Found a broken altar of Ashenzari.
  5310 | D:4      | Noticed Eustachio
  5652 | D:4      | Found a staircase to the Ecumenical Temple.
  6090 | D:4      | Killed Eustachio
  6091 | D:4      | Reached skill level 8 in Fighting
  6103 | D:4      | Reached skill level 9 in Fighting
  6103 | D:4      | Reached XP level 7. HP: 61/83 MP: 9/11
  6239 | D:5      | Entered Level 5 of the Dungeon
  6244 | D:5      | Found a transporter.
  6293 | D:5      | Found a transporter.
  6589 | D:5      | Noticed a boulder beetle
  6590 | D:5      | Found a radiant altar of Vehumet.
  6653 | Temple   | Entered the Ecumenical Temple
  7570 | D:6      | Reached skill level 10 in Fighting
  7697 | D:6      | Reached XP level 8. HP: 74/96 MP: 12/12
  7755 | D:6      | Found an ancient bone altar of Kikubaaqudgha.
  7775 | D:6      | Reached skill level 11 in Fighting
  8031 | D:6      | Reached skill level 12 in Fighting
  8054 | D:6      | Found a bloodstained altar of Trog.
  8377 | D:6      | Found a shimmering blue altar of Sif Muna.
  8581 | D:7      | Reached skill level 13 in Fighting
  8713 | D:7      | Found a sacrificial altar of Ru.
  8744 | D:7      | Reached XP level 9. HP: 109/110 MP: 13/13
  8755 | D:7      | Became a worshipper of Ru the Awakened
  9045 | D:7      | Reached skill level 14 in Fighting
  9319 | D:7      | Found an ornate altar of the Wu Jian Council.
  9491 | D:8      | Noticed Grum
  9506 | D:8      | Killed Grum
  9507 | D:8      | Reached skill level 1 in Maces & Flails
  9971 | D:8      | Noticed a two-headed ogre
  9979 | D:8      | Killed a two-headed ogre
  9980 | D:8      | Reached skill level 5 in Dodging
 10018 | D:8      | Reached XP level 10. HP: 115/122 MP: 14/14
 10172 | D:8      | Reached skill level 5 in Maces & Flails
 10500 | D:8      | Gained mutation: You are somewhat inexperienced. (-2 XL)
                  | [Ru sacrifice]
 10500 | D:8      | Reached XP level 9. HP: 113/113 MP: 13/13
 10500 | D:8      | Reached XP level 8. HP: 105/105 MP: 12/12
 10500 | D:8      | Reached * piety under Ru
 10500 | D:8      | Reached ** piety under Ru
 10515 | D:8      | Found a burning altar of Makhleb.
 10727 | D:7      | Found a white marble altar of Elyvilon.
 10732 | D:7      | You fall into a shaft and drop 3 floors!
 10732 | D:10     | Entered Level 10 of the Dungeon
 11616 | D:9      | Reached XP level 9. HP: 113/113 MP: 13/13
 11790 | D:10     | Noticed Gastronok
 11965 | D:10     | Noticed a two-headed ogre
 11974 | D:10     | Killed a two-headed ogre
 12657 | D:10     | Gained mutation: You cannot study or cast Fire magic. [Ru
                  | sacrifice]
 12657 | D:10     | Gained mutation: You cannot study or cast Transmutations
                  | magic. [Ru sacrifice]
 12657 | D:10     | Gained mutation: You cannot study or cast Summoning magic.
                  | [Ru sacrifice]
 12657 | D:10     | Reached *** piety under Ru
 12765 | D:11     | Found a gate leading to a gauntlet.
 12881 | D:11     | Noticed a death yak
 12881 | D:11     | Noticed a death yak
 12888 | D:11     | Noticed a death yak
 13007 | D:11     | Killed an unseen horror
 13008 | D:11     | Reached XP level 10. HP: 96/122 MP: 14/14
 13021 | Gauntlet | Entered a Gauntlet
 13021 | Gauntlet | Found a transporter.
 13022 | Gauntlet | Noticed a soul eater
 13030 | Gauntlet | Found a transporter.
 13033 | Gauntlet | Found a transporter.
 13034 | Gauntlet | Found a transporter.
 13036 | Gauntlet | Noticed a shining eye
 13038 | Gauntlet | Found a runed translucent door.
 13040 | Gauntlet | Found a runed translucent door.
 13042 | Gauntlet | Found a transporter.
 13045 | Gauntlet | Found a transporter.
 13046 | Gauntlet | Found a transporter.
 13058 | Gauntlet | Found a transporter.
 13059 | Gauntlet | Found a transporter.
 13059 | Gauntlet | Found a transporter.
 13067 | Gauntlet | Found a transporter.
 13070 | Gauntlet | Found a transporter.
 13071 | Gauntlet | Found a transporter.
 13073 | Gauntlet | Noticed a brown ugly thing
 13074 | Gauntlet | Noticed a red ugly thing
 13082 | Gauntlet | Found a transporter.
 13087 | Gauntlet | Noticed a great orb of eyes
 13257 | D:11     | Found a staircase to the Lair.
 13318 | D:11     | Noticed a manticore
 13326 | D:11     | Killed a manticore
 13329 | D:11     | Noticed a boulder beetle
 13348 | D:11     | Killed a boulder beetle
 13593 | D:11     | Found Awenad's Distillery.
 13606 | D:11     | Reached skill level 10 in Maces & Flails
 13716 | D:11     | Noticed a boulder beetle
 13743 | D:11     | Killed a boulder beetle
 13816 | D:11     | Noticed a manticore
 13823 | D:11     | Killed a manticore
 13858 | D:11     | Noticed a manticore
 13869 | D:11     | Killed a manticore
 14095 | D:12     | Noticed a brown ugly thing
 14105 | D:12     | Killed a brown ugly thing
 14106 | D:12     | Reached XP level 11. HP: 56/130 MP: 15/15
 14236 | D:12     | Found a staircase to the Orcish Mines.
 14558 | Orc:1    | Entered Level 1 of the Orcish Mines
 14558 | Orc:1    | Noticed an orc knight
 14792 | Lair:1   | Entered Level 1 of the Lair of Beasts
 14792 | Lair:1   | Noticed a six-headed hydra
 14807 | Lair:1   | Killed a six-headed hydra
 14856 | Lair:1   | Noticed Erica
 14870 | Lair:1   | Killed Erica
 14965 | Lair:1   | Gained mutation: You cannot study or use magical devices.
                  | [Ru sacrifice]
 14965 | Lair:1   | Reached **** piety under Ru
 14965 | Lair:1   | Reached ***** piety under Ru
 15256 | Lair:1   | Noticed an eight-headed hydra
 15265 | Lair:1   | Killed an eight-headed hydra
 15312 | Lair:1   | Noticed an eight-headed hydra
 15518 | Lair:2   | Reached XP level 12. HP: 125/139 MP: 16/16
 15645 | Lair:2   | Noticed an eight-headed hydra
 15653 | Lair:2   | Killed an eight-headed hydra
 15708 | Lair:2   | Noticed a seven-headed hydra
 15768 | Lair:1   | Killed an eight-headed hydra
 15851 | Lair:2   | Noticed an eight-headed hydra
 15857 | Lair:2   | Killed an eight-headed hydra
 16093 | Lair:2   | Killed a seven-headed hydra
 16142 | Lair:2   | Noticed a seven-headed hydra
 16150 | Lair:2   | Killed a seven-headed hydra
 16230 | Lair:2   | Found a staircase to the Swamp.
 17053 | Lair:3   | Noticed an eight-headed hydra
 17080 | Lair:3   | Killed an eight-headed hydra
 17081 | Lair:3   | Reached skill level 15 in Fighting
 17178 | Lair:3   | Found a staircase to the Snake Pit.
 17180 | Lair:3   | Lost mutation: You have an increased reservoir of magic.
                  | (+10% MP) [Ru sacrifice]
 17180 | Lair:3   | Gained mutation: Your magical capacity is low. (-10% MP)
                  | [Ru sacrifice]
 17180 | Lair:3   | Reached ****** piety under Ru
 17294 | Lair:3   | Reached XP level 13. HP: 62/150 MP: 14/14
 18466 | Lair:4   | Reached skill level 15 in Maces & Flails
 18584 | Lair:4   | Reached skill level 16 in Fighting
 18712 | Lair:4   | Paralysed by a hornet for 2 turns
 18943 | Lair:4   | Identified a scroll of acquirement
 18943 | Lair:4   | Acquired a manual of Spellcasting
 19434 | Lair:5   | Reached XP level 14. HP: 91/163 MP: 15/15
 20122 | Lair:5   | Reached skill level 17 in Fighting
 20528 | Lair:6   | Entered Level 6 of the Lair of Beasts
 20775 | Lair:6   | Found a staircase to the Slime Pits.
 20776 | Lair:6   | Found a viscous altar of Jiyva.
 21288 | Lair:6   | Found a large runed translucent door.
 21751 | Lair:6   | Reached skill level 18 in Fighting
 21824 | Lair:6   | Found a large runed translucent door.
 22097 | D:11     | Reached XP level 15. HP: 121/176 MP: 16/16
 22420 | Orc:1    | Noticed an orc warlord
 22449 | Orc:1    | Killed an orc warlord
 22605 | Orc:1    | Noticed an orc warlord
 22631 | Orc:1    | Killed an orc warlord
 23266 | Orc:2    | Entered Level 2 of the Orcish Mines
 23513 | Orc:2    | Found a dark tunnel.
 23924 | Orc:2    | Gained mutation: Your magical capacity is very low. (-20%
                  | MP) [a neqoxec]
 24217 | Orc:2    | Noticed an orc warlord
 24235 | Orc:2    | Killed an orc warlord
 24264 | Orc:2    | Reached skill level 19 in Fighting
 24456 | Orc:2    | Found Maduh's Antique Armour Emporium.
 24457 | Orc:2    | Found Qeagos's Antique Weapon Shoppe.
 24459 | Orc:2    | Found Qasoodde's General Store.
 24459 | Orc:2    | Found Baupuh's Jewellery Emporium.
 24476 | Orc:2    | Bought a scroll of teleportation for 36 gold pieces
 24476 | Orc:2    | Bought a scroll of teleportation for 36 gold pieces
 24511 | Orc:2    | Bought a warped great mace for 322 gold pieces
 24511 | Orc:2    | Identified the +5 great mace "Miro" {vorpal, *Slow Str+10
                  | Int+7 SInv} (You bought it in a shop on level 2 of the
                  | Orcish Mines)
 24676 | Orc:2    | Found a staircase to the Elven Halls.
 24724 | Orc:2    | Upgraded the game from 0.27-a0-445-gbe96e517c0 to
                  | 0.27-a0-457-gba82baf56e
 24934 | Snake:1  | Entered Level 1 of the Snake Pit
 24965 | Snake:1  | Noticed Aizul
 24991 | Snake:1  | Killed Aizul
 25181 | Snake:1  | Noticed Roxanne
 25378 | Snake:1  | Learned a level 3 spell: Portal Projectile
 25460 | Snake:1  | Reached XP level 16. HP: 176/189 MP: 15/15
 25732 | Snake:1  | Noticed Asterion
 25761 | Snake:1  | Killed Asterion
 26538 | Snake:2  | Found a basalt altar of Yredelemnul.
 26853 | Snake:2  | Identified the +1 robe of the Evil One {*Corrode rPois rC+
                  | Regen+}
 27558 | Snake:3  | Reached skill level 20 in Fighting
 27840 | Snake:3  | Found Hajei's Weapon Boutique.
 27840 | Snake:3  | Found Qijeoph's Antique Armour Shop.
 27843 | Snake:3  | Found Yrofag's Jewellery Boutique.
 27850 | Snake:3  | Bought a glowing cloak for 247 gold pieces
 27881 | Snake:3  | Noticed Vashnia
 28195 | Snake:3  | Reached skill level 1 in Armour
 28748 | Snake:4  | Entered Level 4 of the Snake Pit
 28788 | Snake:4  | Found Gacu's General Store.
 28789 | Snake:4  | Found Acoppav's Armour Boutique.
 28789 | Snake:4  | Found Cytoshrunu's Magic Scroll Shop.
 28794 | Snake:4  | Found Mooc's Weapon Boutique.
 28803 | Snake:4  | Bought a scroll of enchant weapon for 127 gold pieces
 28803 | Snake:4  | Bought a scroll of enchant weapon for 127 gold pieces
 29119 | Snake:4  | Reached XP level 17. HP: 185/201 MP: 13/16
 29908 | Snake:4  | Reached skill level 5 in Armour
 30351 | Snake:4  | Identified Jiozaleuwe's Guide on Creative Flight
 30986 | Snake:4  | Reached skill level 10 in Dodging
 31392 | Snake:4  | Got a serpentine rune of Zot
 31571 | Swamp:1  | Entered Level 1 of the Swamp
 31766 | D:11     | Bought a potion of heal wounds for 85 gold pieces
 31766 | D:11     | Bought a potion of heal wounds for 85 gold pieces
 31766 | D:11     | Bought a potion of lignification for 51 gold pieces
 31766 | D:11     | Bought a potion of lignification for 51 gold pieces
 31970 | Snake:4  | Bought a potion of heal wounds for 95 gold pieces
 31970 | Snake:4  | Bought a potion of heal wounds for 95 gold pieces
 31970 | Snake:4  | Bought 6 curare-tipped darts for 68 gold pieces
 32345 | Swamp:1  | Identified the +3 quarterstaff "Metikk" {holy, *Rage rPois
                  | rN+ Str+5}
 32377 | Swamp:1  | Reached XP level 18. HP: 208/210 MP: 16/16
 32394 | Swamp:1  | Identified the +2 kite shield "Uhiryico" {MP+9}
 32430 | Swamp:1  | Noticed Kirke
 32438 | Swamp:1  | Noticed Kirke
 32438 | Swamp:1  | Kirke changed into Kirke the hog
 32464 | Swamp:1  | Killed Kirke the hog
 32994 | Swamp:2  | Acquired an amulet of guardian spirit
 33735 | Swamp:3  | Reached skill level 5 in Spellcasting
 34471 | Swamp:4  | Entered Level 4 of the Swamp
 34501 | Swamp:4  | Noticed Mara
 34503 | Swamp:4  | Noticed ReteAZ's illusion
 34608 | Swamp:4  | Noticed a tentacled monstrosity
 34734 | Swamp:3  | Killed Mara
 34735 | Swamp:3  | Reached skill level 10 in Spellcasting
 35046 | Swamp:4  | Killed a tentacled monstrosity
 35580 | Swamp:4  | Reached XP level 19. HP: 199/219 MP: 28/29
 35602 | Swamp:4  | Got a decaying rune of Zot
 35880 | D:13     | Noticed Frances
 35897 | D:13     | Killed Frances
 35941 | D:13     | Noticed Rupert
 35948 | D:13     | Killed Rupert
 36044 | D:13     | Found a gate to the Vaults.
 36327 | D:13     | Found a runed translucent door.
 36355 | D:13     | Reached skill level 15 in Spellcasting
 36445 | D:13     | Identified the +1 leather armour of Valour {Str+2}
 37479 | D:14     | You fall into a shaft and drop 1 floor!
 37479 | D:15     | Entered Level 15 of the Dungeon
 38363 | D:15     | Found a staircase to the Depths.
 38380 | D:15     | Paralysed by a great orb of eyes for 2 turns
 38895 | Elf:1    | Entered Level 1 of the Elven Halls
 38939 | Elf:1    | Found Yrorumow's Weapon Shoppe.
 38963 | Elf:1    | Reached skill level 1 in Translocations
 39733 | Elf:1    | Reached skill level 21 in Fighting
 39805 | Elf:1    | Found the amulet of the Air {Inacc +Fly rElec EV+5 RMsl}
 40462 | Elf:2    | Found a runed translucent gate.
 40473 | Elf:2    | Found a runed translucent gate.
 40474 | Elf:2    | Found a runed translucent gate.
 40602 | Elf:2    | Found Cuplaquse's General Store.
 40612 | Elf:2    | Bought a potion of heal wounds for 55 gold pieces
 40742 | Elf:2    | Reached XP level 20. HP: 234/234 MP: 32/32
 40772 | Elf:2    | Reached skill level 5 in Translocations
 41125 | Elf:2    | Reached skill level 22 in Fighting
 41371 | Elf:3    | Entered Level 3 of the Elven Halls
 41663 | Elf:3    | Identified the +6 hand axe of the Ecumenical Temple {venom,
                  | rElec rN+++ Dex-4 SInv}
 41871 | Elf:3    | Found an ancient bone altar of Kikubaaqudgha.
 42080 | Elf:3    | Reached skill level 23 in Fighting
 42119 | Elf:3    | Identified the ring "Pyag" {Str+3 Int+6 Dex+2}
 42302 | Elf:3    | Identified the +9 mace "Biapn" {vorpal, rN++ MP+9 Stlth-}
 42375 | Elf:3    | Identified the +8 trident of Okawaru's Respect {vorpal,
                  | rElec Will+++ Int+3 Dex-4}
 42462 | Elf:3    | Identified the ring "Suorel" {rPois Int+4}
 42706 | Elf:3    | Identified the +1 robe "Baw Igamyr" {rC+ Dex+4}
 42793 | Elf:3    | Identified the +1 chain mail of the Hippo {Will+ Str+5}
 42890 | Elf:3    | Identified the +10 dire flail of Light {drain, rN+ Str+5
                  | Int-5 Dex+2}
 43052 | Elf:3    | Identified the +1 ring mail of Hadjma {rC+ MP+9 Slay+6}
 43113 | Elf:3    | Noticed a Tzitzimitl
 43509 | Vaults:1 | Entered Level 1 of the Vaults
 43853 | Vaults:1 | Reached XP level 21. HP: 161/252 MP: 21/32
 44428 | Vaults:1 | Reached skill level 24 in Fighting
 45194 | Vaults:2 | Found Hois's Assorted Antiques.
 46366 | Vaults:2 | Found Rudor's General Store.
 46432 | Vaults:2 | Bought a potion of heal wounds for 80 gold pieces
 46478 | Vaults:2 | Found Gadghacui's Weapon Boutique.
 46746 | Vaults:2 | Found Astroine's Weapon Emporium.
 46783 | Vaults:2 | Found a staircase to the Crypt.
 46783 | Vaults:2 | Found a basalt altar of Yredelemnul.
 46784 | Vaults:2 | Found an ancient bone altar of Kikubaaqudgha.
 46835 | Vaults:2 | Reached skill level 10 in Armour
 46883 | Vaults:2 | Found Karom's Assorted Antiques.
 47789 | Vaults:3 | You fall into a shaft and drop 1 floor!
 47985 | Vaults:3 | Reached XP level 22. HP: 197/262 MP: 33/33
 48144 | Vaults:3 | Found Suaryqu's General Store.
 49469 | Vaults:4 | Acquired 1287 gold pieces
 49864 | Vaults:4 | Reached skill level 5 in Throwing
 51193 | Crypt:1  | Entered Level 1 of the Crypt
 51399 | Crypt:1  | Learned a level 4 spell: Manifold Assault
 52691 | Crypt:2  | Reached XP level 23. HP: 248/271 MP: 34/34
 53015 | Crypt:3  | Entered Level 3 of the Crypt
 53610 | Crypt:3  | Found the +9 sword of Zonguldrok {reap}
 53616 | Crypt:3  | Identified the +0 ring mail of Hubris {rC+++}
 53617 | Crypt:3  | Identified the amulet "Hero's Friend" {Acrobat *Contam
                  | Str+4 Dex+2}
 53620 | Crypt:3  | Identified the +7 scimitar "Quidil" {flame, Dex+6}
 53930 | Crypt:3  | Found a staircase to the Tomb.
 54371 | Crypt:3  | Reached skill level 10 in Translocations
 54533 | Crypt:3  | Found the +5 sword of Power {vorpal}
 54784 | Crypt:3  | Found an ancient bone altar of Kikubaaqudgha.
 54812 | Crypt:3  | Noticed a dread lich
 54817 | Crypt:3  | Killed a dread lich
 54839 | Crypt:3  | Identified the +5 dagger of Carved Integrity {protect,
                  | Str+6}
 54957 | Crypt:3  | Noticed an ancient lich
 54973 | Crypt:3  | Killed an ancient lich
 55831 | Depths:1 | Entered Level 1 of the Depths
 55862 | Depths:1 | Found a stormy altar of Qazlal.
 56005 | Depths:1 | You fall into a shaft and drop 1 floor!
 56308 | Depths:1 | Noticed Bai Suzhen
 56321 | Depths:1 | Killed Bai Suzhen
 56337 | Depths:1 | Found a gateway to Hell.
 56663 | Depths:1 | Found Xycuex's Book Shop.
 56664 | Depths:1 | Found Vaffacw's Jewellery Emporium.
 56665 | Depths:1 | Found Dinlad's Book Shop.
 56816 | Depths:1 | Bought the amulet of the Four Winds {rN+ Will+++ Clar} for
                  | 702 gold pieces
 56816 | Depths:1 | Found the amulet of the Four Winds {rN+ Will+++ Clar}
 56864 | Depths:1 | Reached XP level 24. HP: 282/282 MP: 8/34
 57811 | Depths:1 | Found a one-way gate leading to the halls of Pandemonium.
 58626 | Depths:2 | Reached skill level 15 in Translocations
 59201 | Depths:2 | Noticed a royal mummy
 59213 | Depths:2 | Killed a royal mummy
 59215 | Depths:2 | Noticed a royal mummy
 59233 | Depths:2 | Killed a royal mummy
 59363 | Depths:2 | Noticed a royal mummy
 59364 | Depths:2 | Found the +7 sceptre of Torment {pain, torment}
 59371 | Depths:2 | Killed a royal mummy
 59950 | Depths:3 | Noticed the Enchantress
 60418 | Depths:3 | Reached skill level 1 in Shields
 60419 | Depths:3 | Reached skill level 1 in Necromancy
 60439 | Depths:3 | Killed the Enchantress
 61336 | Depths:3 | Found a one-way gate to the infinite horrors of the Abyss.
 62007 | Depths:3 | Noticed Jory
 62016 | Depths:3 | Killed Jory
 62590 | Depths:3 | Found a shadowy altar of Dithmenos.
 62591 | Depths:3 | Found the +2 hood of the Assassin {Detection Stab+ Stlth++}
 62595 | Depths:3 | Identified the +7 lajatang "Hiatei Qiwn" {holy, rPois rN+
                  | Str-4}
 63186 | Depths:4 | Reached XP level 25. HP: 171/292 MP: 26/34
 64532 | Depths:4 | Found a runed translucent door.
 64657 | Depths:4 | Found a runed translucent door.
 64685 | Depths:4 | Reached skill level 25 in Fighting
 65013 | Depths:4 | Identified the +3 ring mail "Aschusy" {-Cast Rampage rElec
                  | rPois}
 65633 | Depths:5 | Entered Level 5 of the Depths
 65686 | Depths:5 | Found a gateway to a ziggurat.
 65688 | Depths:5 | Paralysed by a floating eye for 2 turns
 65916 | Depths:5 | Found a glowing golden altar of the Shining One.
 66673 | Depths:5 | Found a gate to the Realm of Zot.
 67203 | Depths:4 | Reached skill level 26 in Fighting
 68226 | Depths:5 | Identified the +0 cloak "Xoluybant" {+Blink}
 68728 | Depths:5 | Paralysed by a floating eye for 3 turns
 68816 | Depths:5 | Paralysed by a floating eye for 3 turns
 69734 | Vaults:5 | Entered Level 5 of the Vaults
 69734 | Vaults:5 | Noticed Margery
 69752 | Vaults:5 | Killed Margery
 71067 | Vaults:5 | Identified the +8 quarterstaff "Rexteo" {drain, rPois rC+
                  | Will- Int+6}
 71076 | Vaults:5 | Reached skill level 27 in Fighting
 71623 | Vaults:5 | Identified the ring "Xiler Etze" {rCorr Int+4}
 71627 | Vaults:5 | Identified the ring of Ashenzari's Outrage {rC+ rN+ rCorr
                  | Int+2 Dex+3}
 72160 | Vaults:5 | Acquired the ring "Qunwitwud" {rN++ EV+4 Str+2 Dex-2}
 72194 | Vaults:5 | Got a silver rune of Zot
 72646 | Vaults:5 | Identified the +4 hand axe "Pendulum" {flame, +Blink rF+
                  | Dex+2}
 72689 | Vaults:5 | Identified the ring "Zaliabb Nuji" {Int+3 Dex+6}
 73220 | Vaults:5 | Identified the +7 scimitar of Vueg {protect, Will- MP+9
                  | Str+3 Dex+4}
 73610 | Vaults:5 | Identified the amulet "Guekkadie" {Reflect Str+4 SH+5}
 73629 | Vaults:5 | Identified the Almanac of Curses
 74208 | Slime:1  | Entered Level 1 of the Pits of Slime
 75029 | Slime:5  | Entered Level 5 of the Pits of Slime
 75925 | Slime:5  | Noticed the Royal Jelly
 76153 | Slime:5  | Killed the Royal Jelly
 76452 | Slime:5  | Found the +7 Kryia's mail coat {PotionHeal*2 rC+}
 76452 | Slime:5  | Found the +12 Vampire's Tooth {vamp}
 76467 | Slime:5  | Identified the +6 trident of Karma {flame, +Fly Str+9
                  | Dex-3}
 76476 | Slime:5  | Identified the Tome of Conjuration
 76508 | Slime:5  | Got a slimy rune of Zot
 76562 | Slime:5  | Identified the amulet of Royalty {Acrobat Dex+2}
 77413 | Tomb:1   | Entered Level 1 of the Tomb of the Ancients
 78023 | Hell     | Entered the Vestibule of Hell
 78023 | Hell     | Noticed Murray
 78038 | Hell     | Noticed Geryon
 78047 | Hell     | Killed Murray
 78111 | Hell     | Found a gateway to the decaying netherworld of Tartarus.
 78130 | Hell     | HP: 18/456 [ancient champion/+3 battleaxe of flaming (7)]
 78130 | Hell     | HP: 5/456 [reaper/+2 scythe of venom (7)]
 78133 | Hell     | Mangled by a reaper

Illustrated notes

Levels and vault maps discovered:
D:1:      psy_arrival_heroes, layout_loops_ring, minivault_5, st_stairs_5
D:2:      layout_rooms, riverfiend_overflow_shadow_ancestor,
          fedhas_ov_isle_minmay, marbit_many_paths, serial_bayou,
          serial_bayou_shore_a, serial_bayou_pond_e, serial_bayou_crossing,
          serial_bayou_pond_d, serial_bayou_pond_a,
          chequers_ecumenical_altar_lobes
D:3:      layout_loops_cross, brannock_xom_greatest_gift,
          nicolae_qazlal_general_emergency, grunt_dithmenos_smoke_and_mirrors,
          uniq_jessica
D:4:      layout_basic, nicolae_ashenzari_panopticon,
          minmay_temple_entry_from_below_a, minmay_rat_hole, uniq_eustachio
D:5:      layout_basic, gammafunk_temple_overflow_arena, nrook_uturn,
          grunt_decor_arrowhead
D:6:      layout_cave_pools, tgw_sif, kennysheep_mini, serial_bayou,
          serial_bayou_pond_d, serial_bayou_lagoon_a, serial_bayou_pond_b,
          serial_bayou_pond_d, minmay_ruined_shrine
D:7:      lemuel_upstairs_altar, layout_loops_ring, lemuel_round_altar,
          nzn_wu_jian_council_hall, chequers_serial_rivers_micro_e
D:8:      layout_cave_pools, nicolae_overflow_crystal_walls, special_room
          [special_room_orc], kennysheep_small_circle, uniq_grum
D:9:      layout_basic
D:10:     layout_grid_maze, minmay_misc_feat_tower, uniq_gastronok
D:11:     layout_layer_cave, dpeg_lair_monsters, serial_shops, shop,
          gauntlet_entry_generic
D:12:     layout_gridville, orc_0_dummy
D:13:     cheibrodos_orc_bank, layout_basic, david_vaults_5, st_stairs_3,
          minivault_13, uniq_frances, uniq_rupert
D:14:     layout_rooms, chequers_serial_rivers_micro_d
D:15:     hangedman_depths_entry_try_elsewhere_first, layout_basic,
          chequers_decorated_corner
Temple:   jpeg_temple_island
Lair:1:   layout_long_grid, grunt_megastairs_2, uniq_erica
Lair:2:   layout_small_grid, palyth_hydra_swamp_entry
Lair:3:   layout_cave_pods, minmay_snake_entry_six_corridors, grunt_megastairs_3
Lair:4:   layout_hall_layers, guppyfry_lair_drakes, infiniplex_staircase_pool_2
Lair:5:   layout_cave_pods, serial_bayou_pond_d, serial_bayou_pond_d
Lair:6:   cheibrodos_lair_end_hotspot, layout_long_grid, slime_altar_1
Swamp:1:  layout_basic_swamp, serial_swamp_ruin, evilmike_swamp_ruin_house_4,
          evilmike_swamp_ruin_house_6, uniq_kirke
Swamp:2:  layout_basic_swamp, evilmike_swamp_ruin_rubble_2, swamp_pool1,
          nicolae_swamp_dense_foliage
Swamp:3:  layout_falls_marsh, hangedman_swamp_lotus, ldierk_geyser
Swamp:4:  swamp, layout_basic_swamp, uniq_mara
Snake:1:  layout_misc_corridors, st_stairs_4, uniq_aizul, uniq_asterion,
          uniq_roxanne
Snake:2:  layout_honeycomb, basic_altar
Snake:3:  layout_misc_corridors, grunt_ministairs_15, serial_bayou_pond_a,
          minmay_shop_star, uniq_vashnia
Snake:4:  johnstein_snake_rune_scales, layout_chambers, minmay_shoptagon
Slime:1:  layout_caves
Slime:2:  nicolae_slime_pool, layout_caves
Slime:3:  layout_caves, nicolae_slime_barrier, nicolae_slime_phagocytosis
Slime:4:  layout_caves, uniq_dissolution
Slime:5
Orc:1:    layout_caves, elf_legates
Orc:2:    st_orc_congregation, layout_caves, enter_volcano_4, minmay_orc_keep
Elf:1:    layout_gridlike, serial_shops, shop_statue,
          kennysheep_underground_church
Elf:2:    layout_geoelf_grid, serial_shops, shop_statue, minmay_misc_feat_alley
Elf:3:    grunt_elf_hall_spiral, layout_geoelf_diagonals, basic_altar
Vaults:1: nicolae_vaults_little_ls, v_misc_33, nicolae_vaults_ring_of_whatevers,
          vaults_room_door_ring, vaults_dpeg_ring, vaults_room_hallway,
          hangedman_vaults_river_flow, vaults_mumra_hexcomb, v_alt_pattern_3,
          v_alt_pattern_2, hangedman_vaults_unwind,
          nicolae_vaults_branching_niches, nicolae_vaults_rhombus_5,
          hangedman_vaults_locks, ontoclasm_vaults_twist,
          layout_vaults_maze_bifur
Vaults:2: minmay_crypt_entry_necro_gods, nicolae_vaults_mini_display_case,
          v_misc_33, ontoclasm_vaults_ring_large, v_rooms_6,
          hangedman_vaults_restitches, nicolae_vaults_alarming,
          vaults_room_pools, v_misc_30, nicolae_vaults_theta,
          nicolae_vaults_little_squares_5, grunt_vaults_hallway_short,
          layout_vaults_omnibox, serial_shops, shop, shop, shop,
          nicolae_shop_statue_plus, shop
Vaults:3: v_rooms_5, ontoclasm_vaults_chip, vaults_room_stairs_pillars,
          vaults_mumra_minichess, grunt_vaults_twisty, vaults_room_door_ring,
          serial_ice_h, nicolae_vaults_network_barrier, ontoclasm_vaults_chip,
          nicolae_vaults_rhombus_5, layout_vaults_quadrants, serial_shops, shop
Vaults:4: grunt_vaults_hallway_long, nicolae_vaults_yaktaur_gun_rack,
          hangedman_vaults_snaps, vaults_room_pool, v_misc_14,
          nicolae_vaults_rhombus_6, v_misc_28, grunt_vaults_hallway_long,
          nicolae_vaults_ring_of_whatevers, dpeg_vaults_monster_box,
          vaults_standard_mumra_lines, nicolae_vaults_three_branches,
          layout_vaults_omnicross
Vaults:5: uniq_margery
Crypt:1:  layout_rooms, minmay_misc_feat_rows
Crypt:2:  layout_misc_corridors, st_stairs_12
Crypt:3:  quadcrypt_mu
Tomb:1
Depths:1: layout_gridville, hell_entry, rand_demon_pan_entry_9, moated_statue,
          lemuel_statue_altar, infiniplex_staircase_pool_lava,
          minmay_shop_grove, uniq_bai_suzhen
Depths:2: minmay_guarded_unrand_sceptre_of_torment, layout_small_grid,
          grunt_decor_cap, pf_coc_iceberg, minmay_shattered_shrine
Depths:3: regret_index_dithmenos_brocken_genspenst, layout_honeycomb,
          hellmouth_3, fountainhead, grunt_pan_entry_zigzag, abyss_entry,
          minmay_staircase_windowed_large, uniq_enchantress, uniq_jory
Depths:4: minmay_expanding_circles, layout_gridlike,
          kennysheep_decorative_pillar, pf_hell_entry_tar_river, abyss_entry,
          hangedman_abyss_or_decor_passed, kennysheep_generic_room_10
Depths:5: evilmike_zot_entry_argh, layout_basic, enter_ziggurat_d, hell_entry,
          tso_altar, rand_demon_pan_entry_8, abyss_entry
Hell

Skill      XL: |  1  2  3  4  5  6  7  8  9 10 11 12 13 14 15 16 17 18 19 20 21 22 23 24 25 |
---------------+----------------------------------------------------------------------------+-----
Dodging        | 2 5 6 7 8 10 12 14 | 14.3
Fighting       | 2 4 5 7 9 10 13 14 15 16 18 19 20 21 23 24 27 | 27.0
Spellcasting   | 2 14 16 | 16.0
Hexes          | 3 |  3.0
Maces & Flails | 6 8 10 13 14 16 17 18 20 22 24 | 24.8
Armour         | 3 7 8 11 13 14 | 14.8
Translocations | 4 5 7 13 16 | 16.0
Throwing       | 8 |  8.0
Shields        | 2 |  2.6
Necromancy     | 2 |  2.6

Action                   |  1- 3 |  4- 6 |  7- 9 | 10-12 | 13-15 | 16-18 | 19-21 | 22-24 | 25-27 || total
-------------------------+-------+-------+-------+-------+-------+-------+-------+-------+-------++-------
Melee: Dagger            |   183 |   172 |   214 |       |       |       |       |       |       ||   569
       Unarmed           |     2 |       |       |       |       |       |       |       |       ||     2
       Short sword       |    56 |       |       |       |       |       |       |       |       ||    56
       Giant club        |       |       |   159 |    76 |       |       |       |       |       ||   235
       Mace              |       |       |     7 |       |       |       |       |    23 |     3 ||    33
       Giant spiked club |       |       |    37 |   377 |  1219 |    62 |    97 |   711 |  1083 ||  3586
       Great mace        |       |       |       |       |       |  1188 |  1200 |   486 |   298 ||  3172
       Dire flail        |       |       |       |       |       |       |   219 |   657 |       ||   876
       Eveningstar       |       |       |       |       |       |       |       |    38 |    34 ||    72
Throw: Large rock        |     2 |     6 |     5 |    15 |       |       |    11 |       |    27 ||    66
       Dart              |     5 |     2 |     6 |    24 |    23 |     1 |       |       |       ||    61
       Javelin           |       |       |       |     4 |       |       |       |       |       ||     4
 Cast: Corona            |       |     1 |       |       |       |       |       |       |       ||     1
       Portal Projectile |       |       |       |       |       |       |     3 |       |     8 ||    11
       Manifold Assault  |       |       |       |       |       |       |       |   246 |   290 ||   536
Invok: Sacrifice Experie |       |       |     1 |       |       |       |       |       |       ||     1
       Sacrifice Arcana  |       |       |     1 |       |       |       |       |       |       ||     1
       Sacrifice Artific |       |       |       |     1 |       |       |       |       |       ||     1
       Sacrifice Essence |       |       |       |     1 |       |       |       |       |       ||     1
Evoke: Wand              |       |       |    11 |     1 |       |       |       |       |       ||    12
  Use: Potion            |     2 |       |     2 |       |     1 |     2 |     2 |     2 |    13 ||    24
       Scroll            |       |       |     4 |    19 |     9 |     9 |     8 |     9 |    12 ||    70
 Stab: Distracted        |     1 |       |       |     1 |     7 |     8 |     6 |    10 |     4 ||    37
       Sleeping          |       |     1 |     1 |       |       |       |     1 |       |       ||     3
       Paralysed         |       |       |     3 |       |    26 |    11 |    19 |    21 |     3 ||    83
       Invisible         |       |       |     1 |    10 |    19 |    23 |    23 |    19 |     3 ||    98
       Confused          |       |       |       |       |       |     1 |       |       |       ||     1
Armor: Robe              |    73 |    49 |   157 |    21 |       |       |       |       |       ||   300
       Troll leather arm |       |       |       |   118 |   410 |   472 |   352 |       |     2 ||  1354
       Storm dragon scal |       |       |       |       |       |       |   179 |   640 |   160 ||   979
       Gold dragon scale |       |       |       |       |       |       |       |       |   348 ||   348
       Skin              |       |       |       |       |       |       |       |       |    37 ||    37
       Fire dragon scale |       |       |       |       |       |       |       |       |    21 ||    21
Dodge: Dodged            |   123 |    69 |   326 |   339 |   565 |   694 |   696 |   493 |   314 ||  3619
Block: Tower shield      |    17 |       |       |       |       |       |       |       |       ||    17
       Kite shield       |       |       |       |       |       |       |       |    16 |    18 ||    34

Table legend: (Time is in decaauts)
 A = Elapsed time spent in this place.
 B = Non-inter-level travel time spent in this place.
 C = Inter-level travel time spent in this place.
 D = Time resting spent in this place.
 E = Time spent auto-exploring this place.
 F = Levels seen in this place.
 G = Mean time per level.
                   A        B        C        D        E       F      G
               +--------+--------+--------+--------+--------+-----+--------+
         Total |  77267 |  70048 |   7219 |  13616 |  36346 |  56 | 1379.8 |
       Dungeon |  18995 |  16478 |   2517 |   2183 |   9017 |  15 | 1266.3 |
        Temple |    267 |    241 |     26 |      0 |    240 |   1 |  267.0 |
          Lair |   8229 |   7032 |   1197 |    773 |   3960 |   6 | 1371.5 |
         Swamp |   3728 |   3437 |    291 |    844 |   1084 |   4 |  932.0 |
     Snake Pit |   6493 |   6064 |    429 |   1079 |   2162 |   4 | 1623.2 |
    Slime Pits |   2655 |   2551 |    104 |   1578 |    269 |   5 |  531.0 |
  Orcish Mines |   2667 |   2231 |    436 |    160 |   1024 |   2 | 1333.5 |
   Elven Halls |   4549 |   4238 |    311 |    643 |   2148 |   3 | 1516.3 |
        Vaults |  11585 |  10595 |    990 |   2344 |   6166 |   5 | 2317.0 |
         Crypt |   4560 |   4107 |    453 |    365 |   2800 |   3 | 1520.0 |
          Tomb |    228 |    228 |      0 |      0 |     52 |   1 |  228.0 |
        Depths |  13014 |  12553 |    461 |   3642 |   7295 |   5 | 2602.8 |
          Hell |     87 |     87 |      0 |      0 |      0 |   1 |   87.0 |
      Gauntlet |    203 |    203 |      0 |      0 |    127 |   1 |  203.0 |
               +--------+--------+--------+--------+--------+-----+--------+

Top non-repeatable levels by time:
Depths:4: 3223 daAuts
Vaults:5: 2954 daAuts
Depths:5: 2764 daAuts
 Crypt:3: 2761 daAuts
Vaults:2: 2679 daAuts
     D:1: 2573 daAuts
Depths:3: 2568 daAuts
 Snake:4: 2561 daAuts
Vaults:4: 2460 daAuts
Depths:2: 2438 daAuts
Depths:1: 2018 daAuts
    D:13: 1957 daAuts
   Elf:3: 1936 daAuts
Vaults:1: 1782 daAuts
  Lair:5: 1732 daAuts
